 Dungeon Crawl Stone Soup version 0.32-a0-86-g8db1b9f803 (webtiles) character file.

Game seed: 2787115340951666715

37 Newt the Shooter (level 3, -2/22 HPs)
             Began as a Kobold Hunter on Feb 5, 2024.
             Killed by nerve-wracking pain
             ... invoked by an orc priest
              (13 damage)
             ... on level 2 of the Dungeon.
             The game lasted 00:01:05 (1312 turns).

Newt the Shooter (Kobold Hunter)                    Turns: 1312, Time: 00:01:07

Health: -2/22      AC:  4    Str:  8    XL:     3   Next: 60%
Magic:  3/3        EV: 14    Int: 10    God:
Gold:   100        SH:  5    Dex: 20    Spells: 2/2 levels left

rFire   . . .        a - +0 shortbow
rCold   . . .        (shield currently unavailable)
rNeg    . . .        c - +0 leather armour
rPois   .            (no helmet)
rElec   .            (no cloak)
rCorr   .            m - +0 pair of gloves
SInv    .            (no boots)
Will    .....        d - amulet of reflection
Stlth   +++          (no ring)
HPRegen 0.23/turn    (no ring)
MPRegen 0.08/turn

%: reflection
@: no status effects
A: small, no large weapons, nightstalker 3
a: no special abilities


You were on level 2 of the Dungeon.
You visited 1 branch of the dungeon, and saw 3 of its levels.

You collected 100 gold pieces.

Inventory:

Hand Weapons
 a - a +0 shortbow (weapon)
Armour
 c - a +0 leather armour (worn)
 m - a +0 pair of gloves (worn)
Jewellery
 d - an amulet of reflection (around neck)
 e - the amulet "Dypt" {rPois Regen+ Str+8 Int-2 Slay-6}
   (You found it on level 2 of the Dungeon)

   [amulet of regeneration]

   Str+8:     It affects your strength (+8).
   Int-2:     It affects your intelligence (-2).
   Slay-6:    It affects your accuracy & damage with ranged weapons and melee
   (-6).
   rPois:     It protects you from poison Regen+: It increases your rate of
   health regeneration.
Scrolls
 b - a scroll of butterflies
 h - a scroll of identify
 j - a scroll of teleportation
 l - a scroll of fear
Potions
 f - 2 potions of enlightenment
 g - 2 potions of mutation {unknown}
 i - a potion of might {unknown}
 k - a potion of magic {unknown}


   Skills:
 + Level 2.9 Fighting
 * Level 6.3 Ranged Weapons
 - Level 2.4 Dodging
 - Level 1.3 Stealth


You had 2 spell levels left.
You didn't know any spells.
Your spell library contained the following spells:

 Spells                   Type           Power      Damage    Failure   Level
 Kiss of Death            Conj/Necr      0%         2d5       50%         1
 Confusing Touch          Hex            0%         N/A       86%         3
 Dispel Undead            Necr           0%         3d6       99%         4


Dungeon Overview and Level Annotations

Branches:
Dungeon (3/15)

Altars:


Innate Abilities, Weirdness & Mutations

You are small and have problems with some larger weapons.
You are completely attuned to the shadows.


Message History

You finish putting on your +0 pair of gloves.
You see here a hobgoblin skeleton.
There is a stone staircase leading down here.
You climb downwards.
Found a stone staircase leading up.
There is a stone staircase leading up here.
A jackal comes into view.
The jackal barks!
You hear a shout! x2; You hear an angry hiss.
A jackal comes into view.
An orc priest comes into view. It is wielding a +0 flail.
The jackal moves out of view.
You hear a shout!
There are monsters nearby!
You shoot an arrow. The arrow hits the orc priest.
The orc priest is moderately wounded.
A jackal comes into view.
You shoot an arrow. The arrow hits the jackal.
The jackal is heavily wounded.
The jackal closely misses you.
Unknown command.
Unknown command.
Unknown command.
Unknown command.
The jackal bites you but does no damage.
You block the jackal's attack.
There is a stone staircase leading up here.
Unknown command.
The jackal completely misses you. The jackal bites you.
The orc priest hits you with a +0 flail!
You climb upwards.
There is a stone staircase leading down here.
Unknown command.
You shoot an arrow.
The arrow hits the orc priest but does no damage.
The orc priest is moderately wounded.
The jackal barely misses you. The jackal closely misses you.
The orc priest invokes the aid of Beogh against you.
Pain shoots through your body!
Ouch! That really hurt!
You die...

#.........^####..........
######.....## #........##
#...#..)...# #.###.####.
#.#.#......# #.# #...##.
#.#.#......# #.#####....
#.#.#......###......###.
#.#.#.....#.............
#.#...o%h.#.#######.###.
##.#####@h...............
#......#.#.#.##....#.#.#.
######.#.#.#.##....#.#.#.
#.#.#.#.##....#.#<..
#.#.#.#.##....#.#.#.
#.#.#.#.#####.#.#.#.
#.#.#.#.#####.#.#.#.
#.#.#.....)...#.#.#.
#.#.###.#######.#.##


You could see an orc priest and 2 jackals.

Vanquished Creatures
  4 endoplasms (D:1)
  A giant cockroach (D:1)
  2 goblins (D:1)
  3 hobgoblins
  2 jackals (D:1)
  3 kobolds
  2 quokkas (D:1)
  6 ball pythons (D:1)
  6 bats
  A frilled lizard (D:1)
  A rat (D:1)
31 creatures vanquished.

Notes
Turn   | Place    | Note
-------+----------+-------------------------------------------
     0 | D:1      | Newt the Kobold Hunter began the quest for the Orb.
     0 | D:1      | Reached XP level 1. HP: 12/12 MP: 1/1
    61 | D:1      | Reached XP level 2. HP: 17/18 MP: 2/2
   226 | D:1      | Reached skill level 6 in Ranged Weapons
   234 | D:1      | Reached XP level 3. HP: 22/22 MP: 3/3
   555 | D:2      | Identified the amulet "Dypt" {rPois Regen+ Str+8 Int-2
                  | Slay-6}
  1312 | D:2      | Killed from afar by an orc priest

Illustrated notes

Levels and vault maps discovered:
D:1:      doesnt_arrival_eight_statues, layout_rooms, minmay_pentomino_w4
D:2:      layout_basic
D:3:      layout_rooms

Skill      XL: |  1  2 |
---------------+-------+-----
Ranged Weapons | 6 |  6.3
Fighting       | |  2.9
Dodging        | |  2.4
Stealth        | |  1.3

Action                     || total
---------------------------++-------
   Fire: Shortbow          ||    71
    Use: Scroll            ||     5
 Armour: Leather armour    ||    14
  Dodge: Dodged            ||    25
  Block: Other             ||     3
         Reflection        ||     1

Table legend: (Time is in decaauts)
 A = Elapsed time spent in this place.
 B = Non-inter-level travel time spent in this place.
 C = Inter-level travel time spent in this place.
 D = Time resting spent in this place.
 E = Time spent auto-exploring this place.
 F = Levels seen in this place.
 G = Mean time per level.
                   A        B        C        D        E       F      G
               +--------+--------+--------+--------+--------+-----+--------+
         Total |   1323 |   1235 |     88 |      0 |   1067 |   3 |  441.0 |
       Dungeon |   1323 |   1235 |     88 |      0 |   1067 |   3 |  441.0 |
               +--------+--------+--------+--------+--------+-----+--------+

Top non-repeatable levels by time:
     D:2: 771 daAuts
     D:1: 546 daAuts
     D:3: 6 daAuts
